 Dungeon Crawl Stone Soup version 0.14-a0-1811-gdc2d5af (webtiles) character file.

625 Mitsuki the Covert (level 7, -6/32 HPs)
             Began as a Spriggan Enchanter on Jan 8, 2014.
             Was an Initiate of Ashenzari.
             Mangled by Duvessa
             ... wielding a +1,+1 elven short sword of speed
              (10 damage)
             ... on Level 5 of the Dungeon.
             The game lasted 00:28:04 (5130 turns).

Mitsuki the Covert (Spriggan Enchanter)             Turns: 5130, Time: 00:28:04

HP  -6/32        AC  9     Str  6      XL: 7   Next:  0%
MP   4/19        EV 18     Int 15      God: Ashenzari [......]
Gold 112         SH  2     Dex 16      Spells:  3 memorised,  5 levels left

rFire  . . .     SeeInvis +     a - +1 dagger (curse)
rCold  . . .     Clarity  .     b - +1 robe
rNeg   . . .     Conserve .     (shield restricted)
rPois  .         rCorr    .     (helmet restricted)
rElec  .         rRot     .     g - +1 cloak
SustAb . .       Spirit   .     (gloves unavailable)
rMut   .         Warding  .     (boots unavailable)
Saprov . . .     Stasis   .     (no amulet)
                                h - ring of teleport control
                                p - +3 ring of protection

@: very quick, somewhat resistant to hostile enchantments, very stealthy
A: unfitting armour, large bone plates 1, see invisible, deformed body, dopey 1,
herbivore 3, speed 3, slow metabolism 2
a: Renounce Religion, Evoke Teleport Control


You were on level 5 of the Dungeon.
You worshipped Ashenzari.
Ashenzari was noncommittal.
You were not hungry.

You visited 2 branches of the dungeon, and saw 6 of its levels.

You collected 112 gold pieces.

Inventory:

Hand weapons
 a - a cursed +1,+1 dagger (weapon)
Missiles
 d - 12 darts (quivered)
Armour
 b - a +1 robe (worn)
 g - a +1 cloak (worn)
Comestibles
 f - 5 bread rations
Scrolls
 e - a scroll of curse jewellery
 j - a scroll of enchant armour
Jewellery
 h - a ring of teleport control (right hand)
 k - an uncursed ring of flight
 n - an uncursed ring of fire
 p - a +3 ring of protection (left hand)
Potions
 i - 2 potions of might {unknown}
Books
 c - a book of Maledictions

   Spells                             Type                      Level
   *Corona                            Hexes                        1
   Sure Blade                         Hexes/Charms                 2
   *Ensorcelled Hibernation           Hexes/Ice                    2
   *Confuse                           Hexes                        3
   Enslavement                        Hexes                        4
   Invisibility                       Hexes                        6


   Skills:
 - Level 0.1 Fighting
 * Level 2.9 Short Blades
 - Level 1.1 Throwing
 - Level 3.3 Dodging
 - Level 8.0 Stealth
 - Level 2.6 Spellcasting
 * Level 6.7 Hexes
 + Level 0.5 Ice Magic


You had 5 spell levels left.
You knew the following spells:

 Your Spells              Type           Power        Failure   Level  Hunger
a - Corona                Hex            ###....      1%          1    #......
b - Ensorcelled Hibernat  Hex/Ice        ##....       10%         2    ##.....
c - Confuse               Hex            ###.....     4%          3    ###....


Dungeon Overview and Level Annotations

Branches:
Dungeon (5/16)             Temple (1/1) D:4

Altars:
Ashenzari
Elyvilon
Kikubaaqudgha
Okawaru
Sif Muna
Trog

Annotations:
D:5 Duvessa


Innate Abilities, Weirdness & Mutations

You are tiny and cannot use many weapons and most armour.
You have supernaturally acute eyesight.
You are a herbivore.
You cover ground extremely quickly.
You need consume almost no food.
You are partially covered in large bone plates (AC +2, SH +2).
Armour fits poorly on your strangely shaped body.
You are dopey. (Int -2)


Message History

Aim: Duvessa, wielding a runed elven short sword (berserk) Duvessa resists.
Duvessa closely misses you.
Duvessa hits you with a runed elven short sword!
Casting: Confuse
Confirm with . or Enter, or press ? or * to list all spells.
Aiming: Confuse
Press: ? - help, Shift-Dir - straight line, f/p - Duvessa
Aim: Duvessa, wielding a runed elven short sword (berserk) Duvessa resists.
Duvessa misses you.
Duvessa hits you with a runed elven short sword!
Ouch! That really hurt!
* * * LOW HITPOINT WARNING * * *
Casting: Confuse
Confirm with . or Enter, or press ? or * to list all spells.
Aiming: Confuse
Press: ? - help, Shift-Dir - straight line, f/p - Duvessa
Aim: Duvessa, wielding a runed elven short sword (berserk) Duvessa resists.
Duvessa hits you with a runed elven short sword!
You die...

.#########..#########
...[..................
......................
############..#######.
#..# #..# .
############..#######...
.................e.......
................@).......
..####..####..#######....
.)# #..# #..# ..# #..#
#..# ..# #..# #..# ..#
#..# #..# .)# #..# #..#
..# #..# #..# ..# #..#
#..#


You could see Duvessa (berserk).

Vanquished Creatures
  An ogre (D:4)
  Blork the orc (D:4)
  A jelly (D:5)
  Dowan (D:5)
  A hound (D:5)
  A scorpion (D:4)
  2 worker ants
  4 gnolls
  5 adders
  A worm (D:3)
  A giant mite (D:1)
  A giant eyeball (D:4)
  An ooze (D:3)
  7 orcs
  A ball python (D:1)
  5 goblins
  9 hobgoblins
  2 quokkas (D:4)
  9 bats
  4 giant cockroaches
  5 giant geckos
  7 giant newts
  10 kobolds
  9 rats
89 creatures vanquished.

Notes
Turn   | Place    | Note
--------------------------------------------------------------
     0 | D:1      | Mitsuki, the Spriggan Enchanter, began the quest for the Orb.
     0 | D:1      | Reached XP level 1. HP: 9/9 MP: 4/4
   332 | D:1      | Reached XP level 2. HP: 7/13 MP: 7/7
   417 | D:1      | Learned a level 2 spell: Ensorcelled Hibernation
   573 | D:1      | Reached skill level 4 in Hexes
  1242 | D:1      | Reached XP level 3. HP: 16/16 MP: 6/9
  1247 | D:1      | Learned a level 3 spell: Confuse
  1786 | D:2      | Reached skill level 5 in Stealth
  1788 | D:2      | Reached XP level 4. HP: 19/21 MP: 5/12
  1839 | D:2      | Paralysed by a potion of paralysis for 3 turns
  2385 | D:3      | Found an ancient bone altar of Kikubaaqudgha.
  2715 | D:3      | Gained mutation: Armour fits poorly on your strangely shaped body. [potion of mutation]
  2715 | D:3      | Gained mutation: You are dopey. (Int -2) [potion of mutation]
  2715 | D:3      | Gained mutation: You are partially covered in large bone plates (AC +2, SH +2). [potion of mutation]
  3165 | D:4      | Found a staircase to the Ecumenical Temple.
  3202 | Temple   | Entered the Ecumenical Temple
  3211 | Temple   | Became a worshipper of Ashenzari the Shackled
  3257 | D:4      | Reached skill level 6 in Stealth
  3365 | D:4      | Noticed Blork the orc
  3366 | D:4      | Found a white marble altar of Elyvilon.
  3369 | D:4      | Paralysed by a giant eyeball for 3 turns
  3456 | D:4      | Killed Blork the orc
  3456 | D:4      | Reached skill level 5 in Hexes
  3456 | D:4      | Reached XP level 5. HP: 9/24 MP: 0/14
  3504 | D:4      | Noticed a phantom
  3783 | D:4      | Reached skill level 7 in Stealth
  4003 | D:4      | Noticed an ogre
  4085 | D:4      | Killed an ogre
  4085 | D:4      | Reached XP level 6. HP: 28/28 MP: 9/17
  4239 | D:5      | Entered Level 5 of the Dungeon
  4376 | D:4      | HP: 1/28 [phantom (6)]
  4642 | D:5      | Reached skill level 8 in Stealth
  4882 | D:5      | Noticed Duvessa
  4882 | D:5      | Noticed Dowan
  5125 | D:5      | Killed Dowan
  5125 | D:5      | Reached XP level 7. HP: 32/32 MP: 19/19
  5130 | D:5      | Mangled by Duvessa

Action                   |  1- 3 |  4- 6 |  7- 9 || total
-------------------------+-------+-------+-------++-------
Melee: Dagger            |    95 |   142 |       ||   237
 Cast: Ensorcelled Hiber |    20 |    54 |       ||    74
       Corona            |     1 |       |       ||     1
       Confuse           |     2 |    16 |     5 ||    23
  Use: Scroll            |     2 |     4 |       ||     6
       Potion            |       |     8 |       ||     8
 Stab: Sleeping          |    17 |    35 |       ||    52
       Distracted        |       |     1 |       ||     1
       Confused          |       |     1 |       ||     1
